 Dungeon Crawl Stone Soup version 0.30-a0-377-g5cb311bc9f (webtiles) character file.

Game seed: 6634249147489541650

27 qeuew the Trooper (level 3, -6/33 HPs)
             Began as a Hill Orc Fighter on Nov 30, 2022.
             Mangled by Sigmund
             ... wielding a +0 scythe
              (8 damage)
             ... on level 2 of the Dungeon.
             The game lasted 00:00:45 (779 turns).

qeuew the Trooper (Hill Orc Fighter)                 Turns: 779, Time: 00:00:46

Health: -6/33      AC:  6    Str: 20    XL:     3   Next: 10%
Magic:  3/3        EV:  9    Int:  8    God:
Gold:   74         SH:  4    Dex: 10    Spells: 2/2 levels left

rFire   . . .      SeeInvis .    a - +1 war axe
rCold   . . .      Faith    .    c - +0 buckler
rNeg    . . .      Spirit   .    b - +0 scale mail
rPois   .          Reflect  .    (no helmet)
rElec   .          Harm     .    (no cloak)
rCorr   .          Rampage  .    (no gloves)
Will    .....                    (no boots)
Stlth   ..........               (no amulet)
HPRegen 0.25/turn                (no ring)
MPRegen 0.08/turn                (no ring)

@: no status effects
A: no striking features
a: no special abilities


You were on level 2 of the Dungeon.
You visited 1 branch of the dungeon, and saw 2 of its levels.

You collected 74 gold pieces.

Inventory:

Hand Weapons
 a - a +1 war axe (weapon)
Armour
 b - a +0 scale mail (worn)
 c - a +0 buckler (worn)
Scrolls
 e - a scroll of teleportation
 g - a scroll of identify
 h - a scroll of vulnerability {unknown}
 i - a scroll of summoning {unknown}
Potions
 d - a potion of might
 f - 3 potions of flight
 j - 2 potions of attraction {unknown}


   Skills:
 + Level 4.0 Fighting
 + Level 3.1 Axes
 + Level 3.5 Armour
 + Level 0.7 Dodging
 + Level 3.5 Shields


You had 2 spell levels left.
You didn't know any spells.
Your spell library was empty.

Dungeon Overview and Level Annotations

Branches:
Dungeon (2/15)

Altars:

Annotations:
D:2 Sigmund


Message History

Increase (S)trength, (I)ntelligence, or (D)exterity?
You feel stronger. x2
You hit the kobold.
You kill the kobold!
You see here a hobgoblin corpse.
You barely miss the goblin. Sigmund barely misses you.
The goblin hits you but does no damage.
A frilled lizard comes into view.
The goblin hits you with a +0 club.
The frilled lizard hisses angrily.
You hit the goblin.
You kill the goblin!
Sigmund hits you but does no damage.
You hit the endoplasm.
The endoplasm is heavily wounded.
The endoplasm freezes you.
You are frozen.
Sigmund gestures wildly while chanting.
Sigmund flickers and vanishes!
Deactivating autopickup; reactivate with Ctrl-A.
You hit the endoplasm.
The endoplasm is severely wounded.
The endoplasm freezes you.
You are frozen.
Something hits you! The endoplasm freezes you.
You are frozen.
You barely miss the endoplasm.
The endoplasm is severely wounded.
Something hits you. The endoplasm freezes you.
You are frozen.
You hit the endoplasm.
You kill the endoplasm!
Something hits you!
* * * LOW HITPOINT WARNING * * *
Your Fighting skill increases to level 4!
You hit the frilled lizard.
You kill the frilled lizard!
Something hits you!
You die...

... .. ##..... #.# ..
#...... #.# .. #......
#.# ###.. #......## #.#
#....
.......######.####...#
?.{#....#.....>...#
#.#)##.....#.####.##
#...@.............#
.......)###..........###
......... #.............
.........##....<........
....................####
........##...###########
...#>..#####...........#
####### ###########..
###


There were no monsters in sight!

Vanquished Creatures
  2 dart slugs (D:1)
  5 endoplasms
  A giant cockroach (D:2)
  3 goblins
  A hobgoblin (D:2)
  3 kobolds
  2 quokkas
  A bat (D:1)
  3 frilled lizards
21 creatures vanquished.

Notes
Turn   | Place    | Note
-------+----------+-------------------------------------------
     0 | D:1      | qeuew the Hill Orc Fighter began the quest for the Orb.
     0 | D:1      | Reached XP level 1. HP: 19/19 MP: 1/1
    74 | D:1      | Reached XP level 2. HP: 27/27 MP: 2/2
   767 | D:2      | Noticed Sigmund
   771 | D:2      | Reached XP level 3. HP: 33/33 MP: 3/3
   779 | D:2      | Reached skill level 4 in Fighting
   779 | D:2      | Mangled by Sigmund

Illustrated notes

Levels and vault maps discovered:
D:1:      dpeg_arrival_court, layout_loops_ring
D:2:      layout_rooms, basic_altar, bh_walls_and_bars, uniq_sigmund

Skill      XL: |  1  2  3 |
---------------+----------+-----
Axes           | 3 |  3.1
Fighting       | 4 |  4.0
Armour         | |  3.5
Dodging        | |  0.7
Shields        | |  3.5

Action                   || total
-------------------------++-------
Melee: War axe           ||    49
  Use: Scroll            ||     4
Armor: Scale mail        ||    21
Dodge: Dodged            ||    30
Block: Buckler           ||     8

Table legend: (Time is in decaauts)
 A = Elapsed time spent in this place.
 B = Non-inter-level travel time spent in this place.
 C = Inter-level travel time spent in this place.
 D = Time resting spent in this place.
 E = Time spent auto-exploring this place.
 F = Levels seen in this place.
 G = Mean time per level.
                   A        B        C        D        E       F      G
               +--------+--------+--------+--------+--------+-----+--------+
         Total |    797 |    781 |     16 |      0 |    646 |   2 |  398.5 |
       Dungeon |    797 |    781 |     16 |      0 |    646 |   2 |  398.5 |
               +--------+--------+--------+--------+--------+-----+--------+

Top non-repeatable levels by time:
     D:1: 678 daAuts
     D:2: 119 daAuts
